 Dungeon Crawl Stone Soup version 0.17-a0-1838-g891d947 (webtiles) character file.

100 LordBones the Chopper (level 4, -5/40 HPs)
             Began as a Deep Dwarf Gladiator on Sept 15, 2015.
             Killed by divine providence
             ... invoked by an orc priest
              (10 damage)
             ... on level 4 of the Dungeon.
             The game lasted 00:08:02 (1222 turns).

LordBones the Chopper (Deep Dwarf Gladiator)        Turns: 1222, Time: 00:08:02

Health: -5/40      AC:  5    Str: 20    XL:     4   Next: 46%
Magic:  4/4        EV: 15    Int:  8    God:
Gold:   100        SH:  0    Dex: 13    Spells: 0 memorised, 3 levels left

rFire  . . .     SeeInvis .     a - +1 war axe
rCold  . . .     Clarity  .     b - +1 leather armour
rNeg   . . .     SustAt   .     (no shield)
rPois  .         Gourm    .     c - +0 helmet
rElec  .         Spirit   .     (no cloak)
rCorr  .         Warding  .     (no gloves)
rMut   .         Stasis   .     (no boots)
MR     .....                    (no amulet)
Stlth  +.........               (no ring)
                                (no ring)

@: non-regenerating, not resistant to hostile enchantments, very unstealthy
A: damage resistance, recharge devices, repulsion field 1, sense surroundings 1,
slow healing 3
a: Device Recharging


You were on level 4 of the Dungeon.
You were very hungry.

You visited 1 branch of the dungeon, and saw 4 of its levels.

You collected 100 gold pieces.

Inventory:

Hand weapons
 a - a +1 war axe (weapon)
 i - a +0 mace
Missiles
 d - 3 throwing nets (quivered)
 g - 8 poisoned needles
Armour
 b - a +1 leather armour (worn)
 c - a +0 helmet (worn)
 k - a +0 scale mail
Magical devices
 e - a wand of heal wounds (5)
Potions
 l - a potion of curing
Comestibles
 f - a bread ration
 h - 2 meat rations
 j - a beef jerky


   Skills:
 + Level 2.5 Fighting
 + Level 4.2 Axes
 + Level 2.0 Throwing
 + Level 1.4 Armour
 + Level 4.1 Dodging


You had 3 spell levels left.
You didn't know any spells.

Dungeon Overview and Level Annotations

Branches:
Dungeon (4/15)
 Temple: D:4-7

Altars:
Makhleb


Innate Abilities, Weirdness & Mutations

You are resistant to damage.
You can recharge devices by infusing magical energy.
You passively map a small area around you.
You do not heal naturally.
You are surrounded by a mild repulsion field (EV +2).


Message History

An orc comes into view. It is wielding a flail.
The orc shouts!
A giant cockroach comes into view.
You see here a glowing robe.
You barely miss the worker ant. The worker ant bites you.
You slash the worker ant!
The worker ant is severely wounded.
The worker ant closely misses you.
You slash the worker ant!
You kill the worker ant!
The orc priest mumbles some strange prayers to Beogh against you.
Something smites you!
* * * LOW HITPOINT WARNING * * *
The orc closely misses you.
You hit the orc.
The orc is moderately wounded.
The orc closely misses you.
The orc priest invokes the aid of Beogh against you.
Something smites you!
You die...

#.............# **,,** * ***
#.............# *,,,,* * ,,*
#.............# *,**,***
,,**#.............########,**,,,,
,..##....................#.,,,,,,
,.............#...#..?.....,,,,,,
...####......#..###........,,,,,,
?.** ##.......####........,,,,**
.,,* ##......[@oo........,,,,*
**,* #.###.####oo.....#.,,,,* *,*
#.#...#*#...=....#,,,,,* *,*
*#...####..#........,,,,* *,*
#...##*#%.##........,,,,** *,*
#....,...#*#........,,,,,, *,*
*#...*####**##.....#),***** *,*
*#...#****,,,,,.##....,,,,,,
**,**#...#**,,,,****##*..<.,,,,,*


You could see an orc priest and 3 orcs.

Vanquished Creatures
  A worker ant (D:4)
  3 adders
  3 giant geckos (D:1)
  An orc (D:3)
  5 giant cockroaches
  8 hobgoblins
  8 jackals
  A ball python (D:1)
  3 bats
  4 giant newts
  3 kobolds
  A quokka skeleton (D:4)
  3 rats
44 creatures vanquished.

Notes
Turn   | Place    | Note
--------------------------------------------------------------
     0 | D:1      | LordBones the Deep Dwarf Gladiator began the quest for the Orb.
     0 | D:1      | Reached XP level 1. HP: 19/19 MP: 1/1
   113 | D:1      | Reached XP level 2. HP: 13/26 MP: 2/2
   331 | D:1      | Gained mutation: You are surrounded by a mild repulsion field (EV +2). [potion of beneficial mutation]
   573 | D:2      | Reached XP level 3. HP: 7/32 MP: 3/3
   760 | D:2      | Found a burning altar of Makhleb.
   789 | D:2      | Reached skill level 4 in Dodging
  1119 | D:3      | Reached skill level 1 in Armour
  1119 | D:3      | Reached XP level 4. HP: 2/40 MP: 4/4
  1222 | D:4      | Killed from afar by an orc priest

Vault maps used:
D:1:      scummos_arrival_forest
D:2:      bloody_makhleb, uniq_robin
D:3:      st_stairs_9
D:4:      first_bread, nicolae_tso_carved_into_rock

Action                   |  1- 3 |  4- 6 || total
-------------------------+-------+-------++-------
Melee: War axe           |   132 |     6 ||   138
  Use: Scroll            |     5 |     1 ||     6
       Potion            |     1 |     2 ||     3
